 Dungeon Crawl Stone Soup version 0.20.0-14-g326068f (webtiles) character file.

119 Naow the Shield-Bearer (level 5, -13/32 HPs)
             Began as a Gargoyle Fighter on June 8, 2017.
             Killed by divine providence
             ... invoked by an orc priest
              (17 damage)
             ... on level 3 of the Dungeon.
             The game lasted 00:05:06 (2183 turns).

Naow the Shield-Bearer (Gargoyle Fighter)           Turns: 2183, Time: 00:05:06

Health: -13/32     AC: 11    Str: 20    XL:     5   Next: 3%
Magic:  5/5        EV:  7    Int:  9    God:
Gold:   78         SH:  9    Dex:  9    Spells: 4/4 levels left

rFire    . . .     SeeInvis .   a - +0 flail
rCold    . . .     Gourm    .   c - +0 shield
rNeg     + . .     Faith    .   b - +0 scale mail
rPois    ∞         Spirit   .   (no helmet)
rElec    +         Reflect  .   (no cloak)
rCorr    .         Harm     .   (no gloves)
MR       .....                  (no boots)
Stlth    ..........             (no amulet)
Regen    0.1/turn               (no ring)
MPRegen  0.1/turn               (no ring)

@: no status effects
A: negative energy resistance 1, electricity resistance, unbreathing,
petrification resistance, rot immunity, AC +4
a: no special abilities


You were on level 3 of the Dungeon.
You were not hungry.

You visited 1 branch of the dungeon, and saw 3 of its levels.

You collected 78 gold pieces.

Inventory:

Hand Weapons
 a - a +0 flail (weapon)
Armour
 b - a +0 scale mail (worn)
 c - a +0 shield (worn)
Scrolls
 e - a scroll of fear {unknown}
 l - a scroll of identify {unknown}
 m - a scroll of remove curse {unknown}
 n - a scroll of recharging {unknown}
Potions
 d - a potion of might
 j - a potion of curing {unknown}
 k - 2 potions of heal wounds {unknown}
 o - a potion of flight {unknown}
 q - a potion of haste {unknown}
Comestibles
 f - a bread ration
 g - 2 royal jellies
 h - 2 meat rations
 p - 3 fruits


   Skills:
 - Level 3.5 Fighting
 * Level 3.3 Maces & Flails
 - Level 3.9 Armour
 - Level 0.5 Dodging
 - Level 0.5 Stealth
 + Level 4.3 Shields


You had 4 spell levels left.
You didn't know any spells.

Dungeon Overview and Level Annotations

Branches:
Dungeon (3/15)

Altars:
Cheibriados


Innate Abilities, Weirdness & Mutations

You are resistant to torment.
Your stone body is resilient. (AC +4)
You are immune to poison.
You resist negative energy. (rN+)
You are resistant to electric shocks. (rElec)
You can survive without breathing.
You are immune to petrification.
You are immune to rotting.


Message History

The orc priest calls upon Beogh to heal the orc wizard.
The orc wizard's wounds heal themselves!
You hit the orc wizard.
The orc wizard is moderately wounded.
The orc closely misses you. The orc hits you with a flail.
The orc priest mumbles some strange prayers to Beogh against you.
Beogh smites you! The orc hits you but does no damage.
You block the orc wizard's attack.
You are too injured to fight recklessly!
The orc priest calls upon Beogh to heal the orc wizard.
The orc wizard's wounds heal themselves!
The orc priest invokes the aid of Beogh against you.
Beogh smites you!
* * * LOW HITPOINT WARNING * * *
The orc wizard gestures at you while chanting.
The magic dart hits you!
The orc priest mumbles some strange prayers to Beogh against you.
Beogh smites you!
Ouch! That really hurt!
You die...

#.## # .... .. #.. #..#
#.#.. #... ...## #.#..
.... #...# # #.#..
#.... #.#.##.# #.#..
#....#######.#.##.#
#.#..
#...$.<..@........#
#.#..
#..#.....###.#..#.#
#.#.. .......oo#
#.##(#.# #.#.#
##.##...o# #.##.#.#
#.... #o...# #....^.#
#...# +....#
#####..####...# #....#
#####..#<##...#
.....................#
########.####..#.###..#


You could see an orc priest, an orc wizard and 2 orcs.

Vanquished Creatures
  4 gnolls (D:2)
  2 oozes (D:1)
  2 worms (D:2)
  4 dart slugs
  A leopard gecko (D:1)
  2 giant cockroaches
  8 goblins
  6 hobgoblins
  3 jackals (D:1)
  A quokka (D:2)
  8 bats
  7 frilled lizards
  4 kobolds (D:1)
  4 rats
  A bush (D:1)
  A plant (D:1)
58 creatures vanquished.

Notes
Turn   | Place    | Note
-------+----------+-------------------------------------------
     0 | D:1      | Naow the Gargoyle Fighter began the quest for the Orb.
     0 | D:1      | Reached XP level 1. HP: 14/14 MP: 1/1
    87 | D:1      | Reached XP level 2. HP: 19/19 MP: 2/2
   437 | D:1      | Reached XP level 3. HP: 23/23 MP: 3/3
   995 | D:1      | Reached skill level 4 in Shields
  1353 | D:2      | Found a snail-covered altar of Cheibriados.
  1360 | D:2      | Reached XP level 4. HP: 28/28 MP: 4/4
  2126 | D:2      | Reached XP level 5. HP: 30/32 MP: 5/5
  2183 | D:3      | Killed from afar by an orc priest

Skill      XL: |  1  2  3  4 |
---------------+-------------+-----
Shields        | 4 |  4.3
Maces & Flails | 3 |  3.3
Fighting       | |  3.5
Armour         | |  3.9
Dodging        | |  0.5
Stealth        | |  0.5

Action                   |  1- 3 |  4- 6 || total
-------------------------+-------+-------++-------
Melee: Flail             |   219 |    66 ||   285
  Eat: Chunk             |     2 |     3 ||     5
Armor: Scale mail        |    79 |    27 ||   106
Dodge: Dodged            |    46 |    24 ||    70
Block: Shield            |    88 |    36 ||   124
